 Dungeon Crawl Stone Soup version 0.16.1-28-gcc2312f (webtiles) character file.

54245 sqallbeste the Fencer (level 14, -53/111 HPs)
             Began as a Deep Dwarf Fighter on May 30, 2015.
             Was a High Priest of Okawaru.
             Annihilated by a titanic slime creature (86 damage)
             ... on level 15 of the Dungeon on May 31, 2015.
             The game lasted 02:15:23 (18370 turns).

sqallbeste the Fencer (Deep Dwarf Fighter)         Turns: 18370, Time: 02:15:23

Health: -53/111    AC: 29    Str: 22      XL:     14   Next: 33%
Magic:  6/6        EV:  7    Int:  7 (10) God:    Okawaru [*****.]
Gold:   1406       SH: 10    Dex: 19      Spells: 0 memorised, 13 levels left

rFire  . . .     SeeInvis .     D - +8 scimitar of the Pill Bug {elec, rC+ Dex+5}
rCold  + . .     Clarity  .     W - +4 plate armour
rNeg   + + .     SustAb   .     c - +2 buckler {AC+3}
rPois  .         Gourm    .     S - +2 hat
rElec  .         Spirit   .     O - +1 cloak
rCorr  .         Warding  .     U - +0 pair of gloves
rMut   +         Stasis   .     C - +0 pair of boots
MR     +++..                    x - amulet of resist mutation
Stlth  ..........               B - ring of positive energy
                                k - ring of protection from magic

@: non-regenerating, extremely resistant to hostile enchantments, extremely
unstealthy
A: damage resistance, recharge devices, antennae 1, agile 1, negative energy
resistance 1, sense surroundings 2, slow healing 3, weak 1
a: Device Recharging, Heroism, Finesse, Renounce Religion


You were on level 15 of the Dungeon.
You worshipped Okawaru.
Okawaru was extremely pleased with you.
You were not hungry.

You visited 2 branches of the dungeon, and saw 19 of its levels.
You also visited: Ice Cave.

You collected 2151 gold pieces.
You spent 745 gold pieces at shops.

Inventory:

Hand weapons
 h - a +9 quick blade
 D - the +8 scimitar of the Pill Bug (weapon) {elec, rC+ Dex+5}
   (You found it on level 6 of the Dungeon)

   Occasionally, upon striking a foe, it will discharge some electrical energy
   and cause terrible harm.
   It affects your dexterity (+5).
   It protects you from cold.
 H - a +4 scimitar of holy wrath
 T - a +5 falchion of protection
Missiles
 N - 9 silver javelins (quivered)
Armour
 a - the -5 pair of boots of Midsummer {MP+9 Str+4}
   (Okawaru gifted it to you on level 10 of the Dungeon)

   It affects your strength (+4).
   It affects your magic capacity (+9).
 c - a +2 buckler of protection (worn)
 C - a +0 pair of boots (worn)
 O - a +1 cloak (worn)
 S - a +2 hat (worn)
 U - a +0 pair of gloves (worn)
 W - a +4 plate armour (worn)
Jewellery
 k - a ring of protection from magic (left hand)
 x - an amulet of resist mutation (around neck)
 B - a ring of positive energy (right hand)
Magical devices
 b - a wand of magic darts (35)
 d - a wand of heal wounds (1)
 i - a wand of confusion (20)
 j - a wand of disintegration (8)
 l - a wand of cold (0)
 m - a wand of digging (6)
 o - a wand of magic darts (24)
 s - a wand of frost (26)
 v - a wand of flame (0)
 y - a wand of random effects (10)
 z - a wand of enslavement (3)
 F - a wand of magic darts (21)
 P - a wand of flame (19)
Scrolls
 e - a scroll of immolation
 G - 2 scrolls of identify
 I - a scroll of summoning
 L - 3 scrolls of magic mapping
 V - 5 scrolls of remove curse
 Y - 4 scrolls of teleportation
Potions
 n - 9 potions of cancellation
 q - 2 potions of restore abilities
 u - a potion of haste
 w - a potion of heal wounds
 E - 2 potions of flight
 J - a potion of berserk rage
 Q - a potion of curing
Books
 f - a book of Conjurations

   Spells                             Type                      Level
   a - Magic Dart                     Conjuration                  1
   b - Searing Ray                    Conjuration                  2
   c - Dazzling Spray                 Conjuration/Hexes            3
   d - Fulminant Prism                Conjuration/Hexes            4
   e - Iskenderun's Mystic Blast      Conjuration                  4
   f - Iskenderun's Battlesphere      Conjuration/Charms           5
 g - the Guide on Snow
   (You found it on level 5 of the Dungeon)

   Spells                             Type                      Level
   a - Freeze                         Ice                          1
   b - Ensorcelled Hibernation        Hexes/Ice                    2
   c - Ozocubu's Refrigeration        Ice                          6
 t - a book of Ice

   Spells                             Type                      Level
   a - Ice Form                       Ice/Transmutation            4
   b - Metabolic Englaciation         Hexes/Ice                    5
   c - Ozocubu's Refrigeration        Ice                          6
   d - Bolt of Cold                   Conjuration/Ice              6
   e - Freezing Cloud                 Conjuration/Ice/Air          6
   f - Simulacrum                     Ice/Necromancy               6
 R - a book of Fire

   Spells                             Type                      Level
   a - Ignite Poison                  Fire/Transmutation           5
   b - Fireball                       Conjuration/Fire             5
   c - Bolt of Fire                   Conjuration/Fire             6
   d - Delayed Fireball               Conjuration/Fire             7
   e - Ring of Flames                 Charms/Fire                  7
Miscellaneous
 M - a disc of storms
 X - a crystal ball of energy
 Z - a box of beasts {used: 1}
Comestibles
 r - 3 bread rations
 A - a meat ration
 K - 2 royal jellies


   Skills:
 - Level 3.5 Fighting
 - Level 15.6 Long Blades
   Level 8.2 Axes
 * Level 11.1 Armour
 - Level 0.9 Dodging
 - Level 4.6 Stealth
 + Level 13.9 Shields
 + Level 0.3 Unarmed Combat
 + Level 0.4 Spellcasting
 - Level 10.3 Evocations


You had 13 spell levels left.
You didn't know any spells.

Dungeon Overview and Level Annotations

Branches:
Dungeon (15/15)            Temple (0/1) D:7            Lair (0/8) D:10
    Orc (4/4) D:9             Elf (0/3) Orc:3        Vaults (0/5) D:14
 Depths: D:15

Altars:
Elyvilon
Gozag
Nemelex Xobeh
Okawaru
Ru
Sif Muna
Trog
Vehumet
Zin
Beogh

Shops:
D:7 (   D:12 %   D:14 }   Orc:4 ([[

Annotations:
D:11 Maurice


Innate Abilities, Weirdness & Mutations

You are resistant to damage.
You can recharge devices by infusing magical energy.
You resist negative energy.
You passively map the area around you.
You do not heal naturally.
You have a pair of small antennae on your head.
You are agile. (Dex +2)
You are weak. (Str -2)


Message History

Zapping:
l - a wand of cold (1)
Press: ? - help, Shift-Dir - straight line, f/p - titanic slime creature
Aim: a titanic slime creature (lightly wounded)
The bolt of cold hits the titanic slime creature.
The titanic slime creature is lightly wounded.
The bolt of cold hits the satyr.
The satyr is moderately wounded.
This wand has 0 charges left.
The satyr changes into a green draconian!
The titanic slime creature hits you!!!!
Ouch! That really hurt!
* * * LOW HITPOINT WARNING * * *
As you read the scroll of fog, it crumbles to dust.
The scroll dissolves into smoke.
Zapping:
d - a wand of heal wounds (2)
Press: ? - help, Shift-Dir - straight line, f - you, p - titanic slime creature You feel much better.
This wand has 1 charge left.
The titanic slime creature hits you!!!!
Ouch! That really hurt!
You die...

, ,, ** *
, ** ,, ,
, , * * *
,,, , *
######,,,
*, #..#.##
, , *
#..d..# ,,
, ,
#%##§##
*** *, >
d..##J§# ,
,
...###§@§#
#...#
#§§### #..
,
*#.#*##§##
#... . #
##.[.##
#..#...
#.....#
#..#..,
#.....#
#....,
##...##
#... ,
##.## #..
, #†# #.#*
*,


You could see a titanic slime creature.

Vanquished Creatures
  A frost giant (IceCv)
  2 rakshasas (D:15)
  5 vault guards (D:14)
  Harold (Orc:3)
  A tengu warrior (D:14)
  3 centaur warriors
  An ogre mage (D:14)
  An orc high priest (Orc:4)
  3 death yaks (IceCv)
  A catoblepas (D:12)
  Erolcha (Orc:3)
  2 unseen horrors (D:14)
  A skeletal warrior (D:10)
  An ice statue (IceCv)
  Pikel (D:6)
  2 hill giants
  3 cyclopes
  A wolf spider (D:10)
  4 orc knights (Orc:4)
  A griffon (D:13)
  2 manticores (D:12)
  A hornet (D:10)
  5 ugly things
  An orc sorcerer (D:14)
  2 centaur zombies
  4 centaur skeletons
  A kobold demonologist (D:15)
  3 gargoyles
  A komodo dragon (D:14)
  6 trolls
  Sonja (D:12)
  2 two-headed ogres
  A slime creature (D:15)
  12 polar bears (IceCv)
  3 ravens (D:14)
  2 trapdoor spider zombies
  A raven (shapeshifter) (D:15)
  A basilisk (D:15)
  A baby alligator (shapeshifter) (D:15)
  A vampire (D:13)
  A wyvern (D:9)
  39 yaks
  A wraith (D:14)
  A shadow (D:14)
  2 deep elf magi
  Eustachio (D:7)
  A tarantella (shapeshifter) (D:15)
  A hungry ghost (D:11)
  2 vampire mosquitoes (D:15)
  Grum (D:13)
  4 hippogriffs
  21 wolves
  10 ogres
  7 wargs (Orc:4)
  A steam dragon (D:14)
  Edmund (D:8)
  A neqoxec (D:14)
  42 orc warriors
  9 ice beasts
  A swamp drake (D:9)
  2 necrophages
  2 black bears
  2 wasps
  An eye of draining (D:12)
  17 centaurs
  3 boggarts (D:15)
  4 sky beasts
  2 slaves (D:6)
  Sigmund (D:5)
  2 big kobolds
  10 giant frogs
  A brain worm (D:9)
  A wyvern zombie (D:10)
  3 scorpions
  A wyvern skeleton (D:9)
  16 killer bees
  6 wights
  A goliath beetle (D:7)
  8 crimson imps
  5 jellies
  A wasp zombie (D:12)
  A gnoll shaman (D:5)
  8 hounds
  4 giant frog skeletons
  4 iguanas
  19 orc priests
  7 worker ants
  34 orc wizards
  Ijyb (D:7)
  Terence (D:2)
  2 mummies (D:9)
  A worker ant zombie (D:6)
  4 adders
  8 gnolls
  2 giant mites
  12 white imps (D:11)
  4 shadow imps
  2 worms (D:3)
  An adder skeleton (D:6)
  3 giant geckos
  An ooze (D:1)
  180 orcs
  A ball python (D:1)
  2 bat skeletons
  4 giant cockroaches
  22 goblins
  25 hobgoblins
  26 kobolds
  6 quokkas
  16 bats
  A giant gecko zombie (D:6)
  4 giant newts
  A giant spore (D:8)
  19 jackals
  A quokka skeleton (D:6)
  20 rats
  2 ballistomycetes
  A fungus (Orc:1)
773 creatures vanquished.

Vanquished Creatures (others)
  A slave (D:6)
  A wight (D:6)
  An orc priest (Orc:3)
  An orc wizard (Orc:3)
  A worm (D:6)
  An orc (Orc:3)
  A giant spore (D:9)
  A jackal (D:6)
8 creatures vanquished.

Grand Total: 781 creatures vanquished

Notes
Turn   | Place    | Note
--------------------------------------------------------------
     0 | D:1      | sqallbeste, the Deep Dwarf Fighter, began the quest for the Orb.
     0 | D:1      | Reached XP level 1. HP: 20/20 MP: 1/1
   109 | D:1      | Reached skill level 1 in Evocations
   160 | D:1      | Reached XP level 2. HP: 24/27 MP: 2/2
   765 | D:2      | Reached XP level 3. HP: 14/33 MP: 3/3
   820 | D:2      | Noticed Terence
   832 | D:2      | Killed Terence
   955 | D:2      | Reached skill level 4 in Shields
  1229 | D:2      | Reached XP level 4. HP: 37/40 MP: 5/5
  1987 | D:3      | Reached XP level 5. HP: 35/46 MP: 7/7
  2362 | D:3      | Found an iron altar of Okawaru.
  2406 | D:3      | Became a worshipper of Warmaster Okawaru
  2683 | D:4      | Reached XP level 6. HP: 52/55 MP: 9/9
  3297 | D:5      | Entered Level 5 of the Dungeon
  3522 | D:5      | Noticed Sigmund
  3535 | D:5      | Killed Sigmund
  3535 | D:5      | Reached skill level 5 in Axes
  3535 | D:5      | Reached skill level 5 in Shields
  3590 | D:5      | Reached XP level 7. HP: 59/61 MP: 11/11
  3599 | D:5      | Acquired Okawaru's first power
  3608 | D:5      | Reached skill level 5 in Armour
  3633 | D:5      | Found a radiant altar of Vehumet.
  3636 | D:5      | Found a glowing silver altar of Zin.
  3636 | D:5      | Found a sparkling altar of Nemelex Xobeh.
  3662 | D:5      | Found a deep blue altar of Sif Muna.
  3662 | D:5      | Found a bloodstained altar of Trog.
  3762 | D:5      | Found a deep blue altar of Sif Muna.
  3865 | D:5      | Identified the Guide on Snow
  4287 | D:6      | Noticed Pikel
  4305 | D:6      | Killed Pikel
  4305 | D:6      | Reached skill level 7 in Axes
  4305 | D:6      | Reached skill level 5 in Evocations
  4305 | D:6      | Reached XP level 8. HP: 39/68 MP: 10/13
  4408 | D:6      | Reached skill level 8 in Axes
  4484 | D:6      | Got a brightly glowing scimitar
  4488 | D:6      | Identified the +8 scimitar of the Pill Bug {elec, rC+ Dex+5} (You found it on level 6 of the Dungeon)
  4542 | D:6      | Reached skill level 1 in Long Blades
  5454 | D:7      | Found Idalom's Antique Weapon Shoppe.
  5478 | D:7      | Noticed Eustachio
  5596 | D:7      | Killed Eustachio
  5596 | D:7      | Gained mutation: You passively map the area around you. [level up]
  5596 | D:7      | Reached XP level 9. HP: 54/74 MP: 13/16
  5649 | D:7      | Noticed Ijyb
  5672 | D:7      | Killed Ijyb
  5867 | D:7      | Found a staircase to the Ecumenical Temple.
  6207 | D:8      | Found an opulent altar of Gozag.
  6249 | D:8      | Gained mutation: You are agile. (Dex +2) [potion of mutation]
  6249 | D:8      | Gained mutation: You are weak. (Str -2) [potion of mutation]
  6427 | D:8      | Reached skill level 5 in Long Blades
  6459 | D:8      | Noticed Edmund
  6468 | D:8      | Killed Edmund
  6997 | D:9      | Reached skill level 9 in Evocations
  7247 | D:9      | Received a gift from Okawaru
  7247 | D:9      | Reached skill level 10 in Evocations
  7247 | D:9      | Reached XP level 10. HP: 64/81 MP: 18/18
  7588 | D:9      | Found a white marble altar of Elyvilon.
  7650 | D:9      | Gained mutation: You have a pair of small antennae on your head. [potion of beneficial mutation]
  7795 | D:9      | Found a staircase to the Orcish Mines.
  7914 | D:9      | Acquired Okawaru's second power
  8024 | Orc:1    | Entered Level 1 of the Orcish Mines
  8248 | Orc:1    | Received a gift from Okawaru
  8933 | Orc:2    | Found a bloodstained altar of Trog.
  9009 | Orc:3    | Noticed Erolcha
  9065 | Orc:3    | Killed Erolcha
  9082 | Orc:3    | Found a staircase to the Elven Halls.
  9175 | Orc:3    | Reached skill level 1 in Stealth
  9327 | Orc:3    | Noticed Harold
  9378 | Orc:3    | Killed Harold
  9378 | Orc:3    | Reached XP level 11. HP: 34/90 MP: 14/16
  9854 | Orc:4    | Entered Level 4 of the Orcish Mines
 10026 | Orc:4    | Noticed an orc high priest
 10212 | Orc:4    | Reached skill level 10 in Shields
 10240 | Orc:4    | Found Stoke's Antique Armour Shop.
 10264 | Orc:4    | Received a gift from Okawaru
 10285 | Orc:4    | Bought a pair of glowing gloves for 139 gold pieces
 10296 | Orc:4    | Found Joucofey's Antique Armour Emporium.
 10566 | Orc:4    | Found a roughly hewn altar of Beogh.
 10643 | Orc:4    | Found Schiuzik's Antique Weapon Shop.
 10643 | Orc:4    | Found Bleerael's Magic Scroll Emporium.
 10685 | Orc:4    | Bought a scroll of fear for 42 gold pieces
 10685 | Orc:4    | Bought a scroll of remove curse for 36 gold pieces
 10685 | Orc:4    | Bought a scroll of identify for 24 gold pieces
 10685 | Orc:4    | Bought a scroll of fear for 42 gold pieces
 10704 | Orc:4    | Bought a scroll of enchant weapon for 90 gold pieces
 10704 | Orc:4    | Bought a scroll of enchant weapon for 90 gold pieces
 10704 | Orc:4    | Bought a scroll of enchant weapon for 90 gold pieces
 10704 | Orc:4    | Bought a scroll of remove curse for 36 gold pieces
 10784 | Orc:4    | Bought a scroll of summoning for 114 gold pieces
 10868 | Orc:4    | Noticed an ice devil
 10877 | Orc:4    | Noticed a sun demon
 10917 | Orc:4    | Noticed an ice devil
 10919 | Orc:4    | Killed an orc high priest
 10919 | Orc:4    | Reached skill level 11 in Shields
 10981 | Orc:4    | Bought a scroll of immolation for 42 gold pieces
 11102 | Orc:4    | Reached skill level 10 in Long Blades
 11597 | D:10     | Entered Level 10 of the Dungeon
 11737 | D:10     | Found a staircase to the Lair.
 12151 | D:10     | Noticed a skeletal warrior
 12171 | D:10     | Reached XP level 12. HP: 92/97 MP: 7/10
 12206 | D:10     | Killed a skeletal warrior
 12473 | D:10     | Received a gift from Okawaru
 12486 | D:10     | Got a pair of warped boots {god gift}
 12497 | D:10     | Identified the -5 pair of boots of Midsummer {MP+9 Str+4} (Okawaru gifted it to you on level 10 of the Dungeon)
 12897 | D:11     | Noticed Maurice
 13096 | D:11     | Found a frozen archway.
 13168 | IceCv    | Entered an ice cave
 13214 | IceCv    | Reached skill level 12 in Shields
 13772 | IceCv    | Reached XP level 13. HP: 47/104 MP: 11/11
 13818 | IceCv    | Noticed a frost giant
 13845 | IceCv    | Reached skill level 13 in Long Blades
 13863 | IceCv    | Killed a frost giant
 14573 | D:11     | Paralysed by a wasp for 1 turns
 14577 | D:11     | Paralysed by a wasp for 3 turns
 14949 | D:12     | Found Ehaper's Food Shoppe.
 14977 | D:12     | Received a gift from Okawaru
 14997 | D:12     | Noticed Sonja
 15010 | D:12     | Killed Sonja
 15538 | D:12     | Received a gift from Okawaru
 15538 | D:12     | Reached skill level 14 in Long Blades
 16466 | D:13     | Noticed Grum
 16477 | D:13     | Killed Grum
 16560 | D:13     | Reached skill level 15 in Long Blades
 16663 | D:13     | Found a sacrificial altar of Ru.
 16796 | D:13     | Received a gift from Okawaru
 17060 | D:14     | Found Ghohin's Gadget Boutique.
 17438 | D:14     | Reached skill level 10 in Armour
 17438 | D:14     | Gained mutation: You resist negative energy. [level up]
 17438 | D:14     | Reached XP level 14. HP: 76/111 MP: 7/7
 17688 | D:14     | Found a gate to the Vaults.
 18078 | D:15     | Entered Level 15 of the Dungeon
 18370 | D:15     | Annihilated by a titanic slime creature

Action                   |  1- 3 |  4- 6 |  7- 9 | 10-12 | 13-15 || total
-------------------------+-------+-------+-------+-------+-------++-------
Melee: War axe           |   131 |   249 |   107 |       |       ||   487
       Scimitar          |       |       |   196 |   718 |   636 ||  1550
       Long sword        |       |       |   131 |       |       ||   131
       Falchion          |       |       |       |   638 |       ||   638
Throw: Javelin           |       |       |       |       |     2 ||     2
Invok: Heroism           |       |       |     8 |    30 |    21 ||    59
 Abil: Device Recharging |       |       |     4 |    11 |     6 ||    21
       Evoke Teleport Co |       |       |     1 |       |       ||     1
Evoke: Wand              |     1 |     3 |    17 |    86 |    43 ||   150
       Box of beasts     |       |       |       |       |     1 ||     1
  Use: Scroll            |     5 |     5 |     9 |    15 |    10 ||    44
       Potion            |     3 |     3 |     7 |    11 |     2 ||    26
 Stab: Distracted        |       |       |       |     1 |       ||     1
       Fleeing           |       |       |       |       |     1 ||     1
  Eat: Bread ration      |     1 |       |       |       |     2 ||     3
       Chunk             |       |     5 |     3 |    13 |     5 ||    26
       Meat ration       |       |       |     2 |     1 |       ||     3
       Pizza             |       |       |       |     4 |       ||     4
       Beef jerky        |       |       |       |     1 |     3 ||     4
       Fruit             |       |       |       |       |     2 ||     2
